 Dungeon Crawl Stone Soup version 0.30-a0-135-g630cfc4551 (webtiles) character file.

Game seed: 8952994149449991593

85 Lugonue the Covered (level 4, 0/28 HPs)
             Began as a Tengu Fighter on Sept 20, 2022.
             Was a Follower of Sif Muna.
             Slain by a sky beast (5 damage)
             ... on level 3 of the Dungeon.
             The game lasted 00:06:35 (2535 turns).

Lugonue the Covered (Tengu Fighter)                 Turns: 2535, Time: 00:06:36

Health: 0/28       AC:  7    Str: 16    XL:     4   Next: 48%
Magic:  5/5        EV:  9    Int: 11    God:    Sif Muna [*.....]
Gold:   194        SH:  5    Dex: 13    Spells: 3/3 levels left

rFire   . . .      SeeInvis +    a - +0 long sword
rCold   . . .      Faith    .    c - +0 buckler
rNeg    . . .      Spirit   .    b - +0 scale mail
rPois   .          Reflect  .    (helmet restricted)
rElec   .          Harm     .    (no cloak)
rCorr   .          Rampage  .    (no gloves)
Will    .....                    (boots unavailable)
Stlth   ..........               (no amulet)
HPRegen 0.09/turn                k - ring of see invisible
MPRegen 0.09/turn                (no ring)

@: mighty
A: beak, talons 3
a: Renounce Religion, Channel Magic


You were on level 3 of the Dungeon.
You worshipped Sif Muna.
Sif Muna was aware of your devotion.
You visited 1 branch of the dungeon, and saw 3 of its levels.

You collected 194 gold pieces.

Inventory:

Hand Weapons
 a - a +0 long sword (weapon)
Armour
 b - a +0 scale mail (worn)
 c - a +0 buckler (worn)
Magical Staves
 h - a staff of death
Jewellery
 k - a ring of see invisible (left hand)
 t - a ring of magical power
Wands
 v - a wand of digging (4)
Scrolls
 g - a scroll of blinking {unknown}
 m - a scroll of amnesia {unknown}
 n - a scroll of noise {unknown}
 p - a scroll of enchant armour {unknown}
 r - 3 scrolls of magic mapping {unknown}
 s - 3 scrolls of immolation {unknown}
 u - 3 scrolls of identify {unknown}
Potions
 d - a potion of might
 e - a potion of degeneration {unknown}
 f - 3 potions of lignification {unknown}
 i - a potion of magic {unknown}
 j - a potion of haste {unknown}
 l - a potion of heal wounds {unknown}
 o - 2 potions of curing {unknown}
 q - a potion of attraction {unknown}


   Skills:
 + Level 3.5 Fighting
 + Level 3.3 Long Blades
 + Level 4.1 Armour
 + Level 0.4 Dodging
 + Level 3.3 Shields


You had 3 spell levels left.
You didn't know any spells.
Your spell library contained the following spells:

 Spells                   Type           Power      Damage    Failure   Level
 Beastly Appendage        Tmut           0%         N/A       85%         1
 Necrotise                Necr           0%         1d4       85%         1
 Wereblood                Tmut           0%         N/A       94%         2
 Spider Form              Tmut/Pois      0%         N/A       99%         3
 Vampiric Draining        Necr           0%         2d6       99%         3
 Agony                    Necr           0%         N/A       100%        5


Dungeon Overview and Level Annotations

Branches:
Dungeon (3/15)

Altars:
Dithmenos
Sif Muna


Innate Abilities, Weirdness & Mutations

You have a beak for a mouth.
You have claws for feet.


Message History

You slash the hobgoblin!
You kill the hobgoblin!
Sif Muna accepts your kill.
You completely miss the goblin. The goblin hits you with a +0 dagger.
You barely miss the goblin. You claw the goblin.
You kill the goblin!
Sif Muna accepts your kill. The endoplasm freezes you.
You are frozen.
You slash the endoplasm!
You kill the endoplasm!
Sif Muna accepts your kill.
You barely miss the sky beast. You peck the sky beast.
The sky beast is lightly wounded.
The sky beast hits you. The sky beast shocks you.
You closely miss the sky beast.
You claw the sky beast, but do no damage.
You peck the sky beast.
The sky beast is lightly wounded.
You block the sky beast's attack. The sky beast barely misses you.
You feel very mighty all of a sudden. The sky beast barely misses you.
You miss the sky beast. You claw the sky beast.
The sky beast is moderately wounded.
The sky beast barely misses you.
You closely miss the sky beast. Your kick misses the sky beast.
The sky beast is moderately wounded.
The sky beast closely misses you.
You slash the sky beast! You peck the sky beast!
The sky beast is almost dead.
The sky beast hits you but does no damage.
You barely miss the sky beast. Your peck misses the sky beast.
The sky beast is almost dead.
The sky beast hits you. The sky beast shocks you. The sky beast hits you.
The sky beast shocks you.
* * * LOW HITPOINT WARNING * * *
The sky beast attacks as you move away! The sky beast hits you.
* * * LOW HITPOINT WARNING * * *
The sky beast shocks you.
You die...

####....'....##.# ##.#.#..#.
#####..##..##....#.<#
##.####.#
...#....'#+###..##########.#
#.# ####....##
##'#..##......# #..
##..##.....##)...##.#####
##. ##'##?.....(#...[##.#
######.
##..##$..8..$##..###.#
#...... ###....#?.J...
##†##...# #.####.
#.'....##Y..o.##@.####.# #.#
#. ..##..#+ .gg##Y...###.#
#.# #. ...####
#'#o....#.>.####.####. (###
##.)##..##............. .#
+....######.#####.##### .#
#....# #.##.## #.# # .#
##..## #.#...# #.##### .#
#### #.#...# #...... .#
##.#...####.#####


You could see a sky beast (invisible) and an orc.

Vanquished Creatures
  2 adders
  2 dart slugs (D:2)
  2 orcs (D:3)
  5 endoplasms
  3 giant cockroaches
  15 goblins
  8 hobgoblins
  2 quokkas (D:2)
  3 ball pythons (D:3)
  2 bats
  2 frilled lizards (D:1)
  3 kobolds
  6 rats
55 creatures vanquished.

Notes
Turn   | Place    | Note
-------+----------+-------------------------------------------
     0 | D:1      | Lugonue the Tengu Fighter began the quest for the Orb.
     0 | D:1      | Reached XP level 1. HP: 14/14 MP: 2/2
   134 | D:1      | Found Nido's Armour Shoppe.
   246 | D:1      | Reached XP level 2. HP: 19/19 MP: 3/3
   979 | D:2      | Reached XP level 3. HP: 23/23 MP: 4/4
  1604 | D:2      | Reached XP level 4. HP: 25/28 MP: 5/5
  2095 | D:3      | Found a shadowy altar of Dithmenos.
  2157 | D:3      | Found a faded altar of an unknown god.
  2292 | D:3      | Prayed at the altar of an unknown god.
  2292 | D:3      | Became a worshipper of Sif Muna the Loreminder
  2292 | D:3      | Reached * piety under Sif Muna
  2343 | D:3      | Reached skill level 4 in Armour
  2516 | D:3      | Noticed a sky beast
  2535 | D:3      | Slain by a sky beast

Illustrated notes

Levels and vault maps discovered:
D:1:      zelgadis_glass_arrival_large, layout_basic, serial_shops, shop
D:2:      kennysheep_the_goblin_king, layout_loops_ring, patterned_corridor
D:3:      minmay_bubble_buster, layout_loops_ring, mainiacjoe_overflow_alcove_4,
          chequers_ecumenical_altar_twisty

Skill      XL: |  1  2  3  4 |
---------------+-------------+-----
Long Blades    | 3 |  3.3
Armour         | 4 |  4.1
Fighting       | |  3.5
Dodging        | |  0.4
Shields        | |  3.3

Action                   |  1- 3 |  4- 6 || total
-------------------------+-------+-------++-------
Melee: Long sword        |    79 |    38 ||   117
       Kick              |    13 |     8 ||    21
       Peck              |    12 |     6 ||    18
  Use: Potion            |       |     1 ||     1
Armor: Scale mail        |    31 |    17 ||    48
Dodge: Dodged            |    18 |    11 ||    29
Block: Buckler           |    19 |     5 ||    24

Table legend: (Time is in decaauts)
 A = Elapsed time spent in this place.
 B = Non-inter-level travel time spent in this place.
 C = Inter-level travel time spent in this place.
 D = Time resting spent in this place.
 E = Time spent auto-exploring this place.
 F = Levels seen in this place.
 G = Mean time per level.
                   A        B        C        D        E       F      G
               +--------+--------+--------+--------+--------+-----+--------+
         Total |   2570 |   2491 |     79 |      0 |   2080 |   3 |  856.7 |
       Dungeon |   2570 |   2491 |     79 |      0 |   2080 |   3 |  856.7 |
               +--------+--------+--------+--------+--------+-----+--------+

Top non-repeatable levels by time:
     D:2: 1094 daAuts
     D:3: 744 daAuts
     D:1: 732 daAuts
